 Dungeon Crawl Stone Soup version 0.25.0-9-g26727b657a (webtiles) character file.

Game seed: 13016783792664275049

57 protoss039 the Magician (level 3, -7/19 HPs)
             Began as a Deep Elf Fire Elementalist on June 20, 2020.
             Mangled by Crazy Yiuf
             ... wielding a +3 quarterstaff of chaos
              (13 damage)
             ... while paralysed by Crazy Yiuf
             ... on level 2 of the Dungeon.
             The game lasted 00:04:00 (2460 turns).

protoss039 the Magician (DEFE)                      Turns: 2460, Time: 00:04:01

Health: -7/19      AC:  4    Str:  5    XL:     3   Next: 73%
Magic:  7/11       EV:  2    Int: 20    God:
Gold:   64         SH:  0    Dex: 15    Spells: 10/11 levels left

rFire    . . .     SeeInvis .   e - +0 spear
rCold    . . .     Gourm    .   (no shield)
rNeg     . . .     Faith    .   b - +0 robe (curse)
rPois    .         Spirit   .   (no helmet)
rElec    .         Reflect  .   (no cloak)
rCorr    .         Harm     .   (no gloves)
MR       .....                  g - +1 pair of boots
Stlth    +.........             (no amulet)
HPRegen  0.06/turn              h - ring of attention (curse)
MPRegen  0.12/turn              (no ring)

@: paralysed, slowed, drained
A: no striking features
a: no special abilities


You were on level 2 of the Dungeon.
You were hungry.

You visited 1 branch of the dungeon, and saw 2 of its levels.

You collected 64 gold pieces.

Inventory:

Hand Weapons
 e - a +0 spear (weapon)
Armour
 a - a +0 robe
 b - a cursed +0 robe (worn)
 g - a +1 pair of boots (worn)
Jewellery
 h - a cursed ring of attention (left hand)
Scrolls
 f - 2 scrolls of identify {unknown}
 k - a scroll of magic mapping {unknown}
 m - a scroll of enchant armour {unknown}
Potions
 d - 4 potions of curing {unknown}
 i - a potion of lignification {unknown}
 j - a potion of cancellation {unknown}
 l - a potion of haste {unknown}
Comestibles
 c - 2 rations


   Skills:
 - Level 2.4(1.8) Dodging
 + Level 2.5(2.0) Stealth
 * Level 4.5(3.9) Spellcasting
 + Level 1.3(0.7) Conjurations
 + Level 4.2(3.6) Fire Magic


You had 10 spell levels left.
You knew the following spells:

 Your Spells              Type           Power        Failure   Level  Hunger
a - Foxfire               Conj/Fire      ##..         5%          1    None

Your spell library contained the following spells:

 Spells                   Type           Power        Failure   Level  Hunger
 Beastly Appendage        Tmut           #.....       13%         1    None
 Conjure Flame            Conj/Fire      ##......     16%         3    ###....
 Inner Flame              Hex/Fire       ##......     19%         3    ###....
 Sticks to Snakes         Tmut           #.......     21%         2    ##.....
 Spider Form              Tmut/Pois      #.........   36%         3    ###....
 Sticky Flame             Conj/Fire      ##......     45%         4    ####...
 Ice Form                 Ice/Tmut       #.......     78%         4    ####...
 Fireball                 Conj/Fire      ##........   82%         5    ######.
 Blade Hands              Tmut           #.........   98%         5    ######.


Dungeon Overview and Level Annotations

Branches:
Dungeon (2/15)

Altars:

Annotations:
D:2 Crazy Yiuf


Message History

Crazy Yiuf waves his quarterstaff at you.
Unknown command.
Casting: Foxfire (safe; 5% risk of failure)
Confirm with . or Enter, or press ? or * to list all spells.
You conjure some foxfire!
Your foxfire dissipates!
Crazy Yiuf cries, "Fluff!"
Casting: Foxfire (safe; 5% risk of failure)
Confirm with . or Enter, or press ? or * to list all spells.
You conjure some foxfire!
Crazy Yiuf hits you but does no damage.
You feel yourself slow down.
Unknown command.
The foxfire hits Crazy Yiuf.
Crazy Yiuf is moderately wounded.
The foxfire hits Crazy Yiuf.
Crazy Yiuf is heavily wounded.
Crazy Yiuf hits you but does no damage.
You suddenly lose the ability to move!
Crazy Yiuf hits you with a +3 quarterstaff of chaos!
Ouch! That really hurt!
You die...

..........# ♣.♣♣ # ..........#
♣♣.♣ # ..........# ♣.♣♣ #
..........# ♣♣.♣♣ # #.........#
♣.P.♣♣ # #.........# ♣..PP♣ #
#.........# #....# # #.........#
#..g.# # ########### ##.@.# #
###############..################
..............)..................
#################################


You could see Crazy Yiuf.

Vanquished Creatures
  2 adders (D:2)
  2 worms (D:2)
  3 dart slugs
  9 goblins
  A hobgoblin (D:1)
  2 quokkas (D:2)
  4 bats (D:1)
  2 frilled lizards (D:1)
  A kobold (D:2)
  3 rats
29 creatures vanquished.

Vanquished Creatures (others)
  74 foxfires
74 creatures vanquished.

Grand Total: 103 creatures vanquished

Notes
Turn   | Place    | Note
-------+----------+-------------------------------------------
     0 | D:1      | protoss039 the Deep Elf Fire Elementalist began the quest
                  | for the Orb.
     0 | D:1      | Reached XP level 1. HP: 10/10 MP: 6/6
   240 | D:1      | Reached XP level 2. HP: 15/15 MP: 8/8
  1037 | D:2      | Reached XP level 3. HP: 14/19 MP: 4/10
  2110 | D:2      | Found a runed translucent door.
  2111 | D:2      | Noticed Crazy Yiuf
  2458 | D:2      | Paralysed by Crazy Yiuf for 5 turns
  2460 | D:2      | Mangled by Crazy Yiuf

Illustrated notes

Levels and vault maps discovered:
D:1:      elethiomel_arrival_quiet, layout_rooms
D:2:      layout_basic, uniq_crazy_yiuf_cottage

Skill      XL: |  1  2 |
---------------+-------+-----
Spellcasting   | 4 |  4.5
Fire Magic     | 4 |  4.2
Dodging        | |  2.4
Stealth        | |  2.5
Conjurations   | |  1.3

Action                   || total
-------------------------++-------
Melee: Spear             ||    89
 Cast: Foxfire           ||    63
  Use: Scroll            ||     1
 Stab: Sleeping          ||     1
  Eat: Chunk             ||     4
Armor: Robe              ||    23
Dodge: Dodged            ||    71
